 Dungeon Crawl Stone Soup version 0.27-a0-926-g0e6d9124c6 (webtiles) character file.

Game seed: 494485452619878348

23 Bapho the Stinger (level 2, 0/11 HPs)
             Began as a Felid Venom Mage on Apr 10, 2021.
             Slain by a worm (11 damage)
             ... on level 2 of the Dungeon.
             The game lasted 00:02:56 (1651 turns).

Bapho the Stinger (Felid Venom Mage)                Turns: 1651, Time: 00:02:57

Health: 0/11       AC:  1    Str:  4    XL:     2   Next: 72%
Magic:  1/6        EV: 17    Int: 16    God:
Gold:   3          SH:  0    Dex: 16    Spells: 2/5 levels left
                                        Lives:  0   Deaths: 0

rFire    . . .     SeeInvis +   (weapon unavailable)
rCold    . . .     Faith    .   (shield unavailable)
rNeg     . . .     Spirit   .   (armour unavailable)
rPois    .         Reflect  .   (helmet unavailable)
rElec    .         Harm     .   (cloak unavailable)
rCorr    .         Rampage  .   (gloves unavailable)
Will     .....                  (boots unavailable)
Stlth    +++.......             (no amulet)
HPRegen  0.03/turn              (no ring)
MPRegen  0.10/turn              (no ring)

@: quick
A: very small, claws 1, fangs 3, see invisible, speed 1, shaggy fur 1, stealthy
paws, no weapons or thrown items, no armour, multi-lived
a: no special abilities


You were on level 2 of the Dungeon.
You visited 1 branch of the dungeon, and saw 2 of its levels.

You collected 3 gold pieces.

Inventory:

Missiles
 a - 58 stones
Scrolls
 d - a scroll of fog {unknown}
 e - a scroll of identify {unknown}
Potions
 b - a potion of heal wounds {unknown}
 c - a potion of curing {unknown}
 f - a potion of attraction {unknown}
 g - a potion of haste {unknown}
 h - a potion of mutation {unknown}


   Skills:
 - Level 2.6 Dodging
 - Level 2.6 Stealth
 - Level 2.0 Spellcasting
 - Level 1.1 Transmutations
 + Level 3.7 Poison Magic


You had 2 spell levels left.
You knew the following spells:

 Your Spells              Type           Power      Damage    Failure   Level
a - Sting                 Tmut/Pois      36%        1d4       8%          1
b - Poisonous Vapours     Pois/Air       14%        N/A       14%         2

Your spell library contained the following spells:

 Spells                   Type           Power      Damage    Failure   Level
 Ignite Poison            Fire/Tmut/Pois 6%         N/A       32%         3
 Mephitic Cloud           Conj/Pois/Air  5%         N/A       36%         3
 Olgreb's Toxic Radiance  Pois           13%        N/A       41%         4


Dungeon Overview and Level Annotations

Branches:
Dungeon (2/15)

Altars:


Innate Abilities, Weirdness & Mutations

You have sharp claws.
You have razor-sharp teeth.
You have supernaturally acute eyesight. (SInv)
You cover ground quickly. (Speed+)
You are covered in fur. (AC +1)
Your stealthy paws help you sneak and pounce on unaware monsters.
You are incapable of wielding weapons or throwing items.
You cannot wear armour.
You gain extra lives every three experience levels.


Message History

Aim: a worm Poisonous vapours surround the worm!
Casting: Poisonous Vapours (safe; 14% risk of failure)
Confirm with . or Enter, or press ? or * to list all spells.
Aiming: Poisonous Vapours (safe; 14% risk of failure)
Press: ? - help, Dir - move target, f/p - worm
Aim: a worm Poisonous vapours surround the worm!
The worm is engulfed in poison gas.
The worm is poisoned.
The worm misses you.
Casting: Poisonous Vapours (safe; 14% risk of failure)
Confirm with . or Enter, or press ? or * to list all spells.
Aiming: Poisonous Vapours (safe; 14% risk of failure)
Press: ? - help, Dir - move target, f/p - worm
Aim: a worm (moderately wounded, poisoned) Poisonous vapours surround the worm!
The worm is engulfed in poison gas.
The worm looks even sicker.
The worm misses you.
You barely miss the worm. You bite the worm.
The worm is severely wounded.
You barely miss the worm.
The worm is severely wounded.
The worm misses you.
You scratch the worm but do no damage. You bite the worm, but do no damage.
The worm is severely wounded.
You scratch the worm but do no damage.
The worm is severely wounded.
The worm barely misses you.
You barely miss the worm.
The worm is almost dead.
The worm closely misses you.
You scratch the worm.
The worm is almost dead.
Casting: Poisonous Vapours (safe; 14% risk of failure)
Confirm with . or Enter, or press ? or * to list all spells.
You don't have enough magic to cast this spell.
Unknown command.
You scratch the worm but do no damage.
The worm is almost dead.
The worm bites you!
Ouch! That really hurt!
You die...

. #.......# .
#.......# . #......###
. ##.......## .
##..####..# .###..#
##.# ......#
#.#########
###...######..†.)....#
####......##....@....#
#.........†.†..w.....#
#........###...^.....#
#........# #.........#
#........# #.........#
#........# ###########
#........# ##########


You could see a worm (poisoned).

Vanquished Creatures
  A dart slug (D:1)
  A ball python (D:2)
  4 endoplasms
  A goblin (D:2)
  A hobgoblin (D:2)
  3 kobolds (D:1)
  A quokka (D:1)
  4 bats
  2 frilled lizards (D:2)
  2 rats (D:1)
20 creatures vanquished.

Notes
Turn   | Place    | Note
-------+----------+-------------------------------------------
     0 | D:1      | Bapho the Felid Venom Mage began the quest for the Orb.
     0 | D:1      | Reached XP level 1. HP: 7/7 MP: 4/4
   255 | D:1      | Reached skill level 3 in Poison Magic
   535 | D:1      | Reached XP level 2. HP: 4/11 MP: 4/6
   990 | D:1      | Found a faded altar of an unknown god.
  1640 | D:1      | Learned a level 2 spell: Poisonous Vapours
  1651 | D:2      | Slain by a worm

Illustrated notes

Levels and vault maps discovered:
D:1:      tarquinn_simple_flora_water_f, layout_loops_cross,
          hellmonk_ecumenical_altar_run_dry, st_stairs_14, serial_bayou_lagoon_b
D:2:      layout_rooms, minmay_quantized

Skill      XL: |  1 |
---------------+----+-----
Poison Magic   | 3 |  3.7
Dodging        | |  2.6
Stealth        | |  2.6
Spellcasting   | |  2.0
Transmutations | |  1.1

Action                   || total
-------------------------++-------
Melee: Unarmed           ||    35
       Bite              ||     5
 Cast: Sting             ||    34
       Poisonous Vapours ||     3
Armor: Skin              ||     1
Dodge: Dodged            ||    23

Table legend: (Time is in decaauts)
 A = Elapsed time spent in this place.
 B = Non-inter-level travel time spent in this place.
 C = Inter-level travel time spent in this place.
 D = Time resting spent in this place.
 E = Time spent auto-exploring this place.
 F = Levels seen in this place.
 G = Mean time per level.
                   A        B        C        D        E       F      G
               +--------+--------+--------+--------+--------+-----+--------+
         Total |   1515 |   1506 |      9 |     43 |   1279 |   2 |  757.5 |
       Dungeon |   1515 |   1506 |      9 |     43 |   1279 |   2 |  757.5 |
               +--------+--------+--------+--------+--------+-----+--------+

Top non-repeatable levels by time:
     D:1: 1304 daAuts
     D:2: 210 daAuts
